[Event "Early-Titled-Tuesday-Blitz-March-05-2024"]
[Site "Chess.com"]
[Date "2024.03.05"]
[Round "2"]
[White "Shahdad2007"]
[Black "MyDream003"]
[Result "1-0"]
[WhiteElo "2546"]
[BlackElo "2758"]
[TimeControl "180+1"]
[EndTime "8:23:46 PST"]
[Termination "Shahdad2007 won on time"]

1. Nf3 d5 2. c4 e6 3. g3 g6 4.
Bg2 Bg7 5. O-O Ne7 6. d4 O-O 7. Nc3 Nbc6 8. e3 b6 9. cxd5 exd5 10. a3 Bb7 11. b4 a6 12. Qb3 Na7 13. a4 Nac8 14.
Ba3 Nd6 15. Ne5 c6 16. b5 axb5 17. axb5 Nxb5 18. Nxb5 cxb5 19. Qxb5 Ba6 20. Bxe7 Bxb5 21. Bxd8 Raxd8 22. Rfb1 Be2 23. Rxb6 Bxe5 24. dxe5 d4 25. exd4 Rxd4 26. e6 fxe6 27. Rxe6 Rd1+ 28. Rxd1 Bxd1 29. Bd5 Kh8 30. Re7 Bf3 31. Bxf3 Rxf3 32. Kg2 Ra3 33. g4 Kg8 34. f3 Ra4 35. Kg3 Rb4 36. Re4 Rb3 37. Ra4 Kg7 38. Kf4 Rb7 39. h4 Rf7+ 40. Kg3 Rb7 41. Rc4 Ra7 42. Kf4 Rf7+ 43. Ke3 Re7+ 44.
Re4 Ra7 45. Re5 Ra3+ 46. Kf4 Ra4+ 47. Re4 Ra7 48. Rb4 Rf7+ 49. Kg3 Ra7 50. h5 g5 51. Rb5 h6 52. Rb6 Kh7 53. Kf2 Re7 54. Rf6 Kg7 55.
Rf5 Kh7 56. Ra5 Kg7 57. Ra4 Kh7 58. Re4 Ra7 59. Re3 Ra2+ 60. Kg3 Ra7 61. Re5 Kg7 62. Kf2 Ra2+ 63. Ke3 Ra7 64. Ke4 Ra4+ 65. Kd5 Ra5+ 66. Ke6 Ra6+ 67. Kf5 Rf6+ 68. Ke4 Rf4+ 69. Ke3 Rf7 70. Re6 Ra7 71. Ke4 Ra4+ 72. Ke5 Ra5+ 73. Ke4 Ra4+ 74. Ke3 Ra3+ 75. Kf2 Ra2+ 76. Kg3 Ra7 77.
Re3 Rf7 78. Re4 Ra7 79. f4 gxf4+ 80. Kxf4 Rb7 81. Rd4 Ra7 82. Rd5 Rf7+ 83. Ke5 Ra7 84. Rd6 Ra5+ 85. Ke6 Rg5 86. Rd7+ Kg8 87. Rd4 Kg7 88. Ra4 Kg8 89. Kf6 Kh7 90. Re4 Kh8 91. Kf7 Kh7 92. Kf8 Kh8 93. Rd4 Kh7 94. Rc4 Kh8 95.
Re4 Kh7 96. Kf7 Kh8 97. Re6 Kh7 98. Rg6 Ra5 99. Rg7+ Kh8 100. Rg8+ Kh7 101. Re8 Ra7+ 102. Re7 Ra5 103. Kf6+ Kh8 104. Kg6 Ra6+ 105. Kf5 Ra5+ 106. Re5 Ra7 107. Kf6 Ra6+ 108. Re6 Ra5 109. Re8+ Kh7 110. Re7+ Kg8 111. Re5 Ra6+ 112. Re6 Ra5 113. Kg6 Rg5+ 114. Kxh6 Rxg4 115. Rf6 Rh4 116. Rg6+ Kh8 117. Ra6 Kg8 118. Ra8+ Kf7 119. Ra7+ Kg8 120. Ra5 Rh1 121. Rg5+ Kh8 122. Kg6 Kg8 123. Ra5 Rg1+ 124. Kh6 Rh1 125. Ra8+ Kf7 126. Ra7+ Kg8 127. Ra5 Kf7 128. Rg5 Rh2 129. Kh7 Rh1 130. h6 Rh2 131. Rg3 Rh1 132. Rf3+ Ke7 133. Kg7 Rg1+ 134. Kh7 Rh1 135. Rf4 Rh2 136. Kg7 Rg2+ 137. Kh8 Rh2 138. h7 Rg2 139. Ra4 Kf7 140. Ra8 Rg1 141. Rg8 Rh1 142. Rg7+ Kf8 143. Rg2 Rh3 144. Rf2+ Ke7 145. Rf4 Rh1 146. Kg7 Rg1+ 147. Kh6 Rh1+ 148. Kg6 Rh2 149. Rf5 Rh1 150. Rh5 1-0

[Event "Early-Titled-Tuesday-Blitz-March-05-2024"]
[Site "Chess.com"]
[Date "2024.03.05"]
[Round "3"]
[White "alexrustemov"]
[Black "MFatigue"]
[Result "1-0"]
[WhiteElo "2811"]
[BlackElo "2512"]
[TimeControl "180+1"]
[EndTime "8:25:30 PST"]
[Termination "alexrustemov won by resignation"]

1. d4 d5 2. c4 c6 3. Nc3 Nf6 4. e3 e6 5. Nf3 Nbd7 6. Qc2 Bd6 7.
Bd2 O-O 8. O-O-O a5 9. e4 dxe4 10. Nxe4 Nxe4 11. Qxe4 Nf6 12. Qh4 Ne8 13. Qxd8 1-0

[Event "Early-Titled-Tuesday-Blitz-March-05-2024"]
[Site "Chess.com"]
[Date "2024.03.05"]
[Round "3"]
[White "HanSchut"]
[Black "sergeikim"]
[Result "0-1"]
[WhiteElo "2300"]
[BlackElo "2600"]
[TimeControl "180+1"]
[EndTime "8:26:01 PST"]
[Termination "sergeikim won by resignation"]

1. e4 e5 2. Nf3 Nc6 3. Bc4 Bc5 4. c3 Nf6 5. d4 exd4 6. b4 Bb6 7. e5 d5 8. exf6 dxc4 9. Qe2+ Be6 10. b5 Na5 11.
fxg7 Rg8 12. Nxd4 Bxd4 13. cxd4 Rxg7 14. O-O Qd5 15. g3 O-O-O 16. Rd1 Bg4 17. f3 Bxf3 0-1

[Event "Early-Titled-Tuesday-Blitz-March-05-2024"]
[Site "Chess.com"]
[Date "2024.03.05"]
[Round "3"]
[White "Levanzovsky"]
[Black "mfschulz"]
[Result "0-1"]
[WhiteElo "2406"]
[BlackElo "2252"]
[TimeControl "180+1"]
[EndTime "8:26:09 PST"]
[Termination "mfschulz won by resignation"]

1. c4 e5 2. e3 Nf6 3. Nc3 d5 4. cxd5 Nxd5 5. Nf3 Nc6 6. Bb5 Nxc3 7. bxc3 Bd6 8. d4 exd4 9. cxd4 O-O 10. O-O Bg4 11. h3 Bh5 12. Bxc6 bxc6 13. Qc2 Bxf3 14. gxf3 Qh4 15.
Qf5 Rab8 16. Bd2 Rb5 17. Qd7 Rg5+ 18. Kh1 f5 0-1

[Event "Early-Titled-Tuesday-Blitz-March-05-2024"]
[Site "Chess.com"]
[Date "2024.03.05"]
[Round "3"]
[White "esrosenberg"]
[Black "IM_ArthurDW08"]
[Result "1-0"]
[WhiteElo "2459"]
[BlackElo "2793"]
[TimeControl "180+1"]
[EndTime "8:26:30 PST"]
[Termination "esrosenberg won by resignation"]

1. d4 Nf6 2. c4 g6 3. Nc3 Bg7 4.
e4 O-O 5. Nf3 d6 6. h3 Nbd7 7. e5 Ne8 8. e6 fxe6 9. Ng5 Ndf6 10.
Bd3 Nh5 11. Nxh7 Rxf2 12. Kxf2 Bxd4+ 13. Kf3 Kxh7 14. Bxg6+ Kxg6 15. Qxd4 e5 16. Qh4 b6 17. Qg5+ 1-0

[Event "Early-Titled-Tuesday-Blitz-March-05-2024"]
[Site "Chess.com"]
[Date "2024.03.05"]
[Round "3"]
[White "TheCavemanChess"]
[Black "toninhojit"]
[Result "1-0"]
[WhiteElo "2716"]
[BlackElo "2496"]
[TimeControl "180+1"]
[EndTime "8:26:48 PST"]
[Termination "TheCavemanChess won by resignation"]

1. Nf3 c5 2. g3 Nc6 3. Bg2 g6 4. O-O Bg7 5. c4 e5 6. Nc3 Nge7 7. a3 O-O 8. Rb1 d6 9. b4 Rb8 10. d3 h6 11. Be3 b6 12. Nd2 Be6 13. Nd5 f5 14. f4 Qd7 15. Bf2 exf4 16. gxf4 g5 17.
e3 Ng6 18. fxg5 hxg5 19. Qh5 Qd8 20. Qxg6 1-0

[Event "Early-Titled-Tuesday-Blitz-March-05-2024"]
[Site "Chess.com"]
[Date "2024.03.05"]
[Round "3"]
[White "KetiTsatsalashvili"]
[Black "Bernt42"]
[Result "1-0"]
[WhiteElo "2492"]
[BlackElo "2264"]
[TimeControl "180+1"]
[EndTime "8:26:52 PST"]
[Termination "KetiTsatsalashvili won by resignation"]

1. d4 d5 2. Nf3 Nf6 3. c4 e6 4.
Nc3 Be7 5. cxd5 exd5 6. Bg5 c6 7.
e3 Bg4 8. Qb3 b6 9. Ne5 O-O 10.
Bxf6 Be6 11. Bxe7 Qxe7 12. Be2 f6 13. Nd3 c5 14. Nxd5 Qf7 15. N3f4 Rc8 16. Nxe6 Qxe6 17.
Ne7+ 1-0

[Event "Early-Titled-Tuesday-Blitz-March-05-2024"]
[Site "Chess.com"]
[Date "2024.03.05"]
[Round "3"]
[White "chucksterf10"]
[Black "Felix-Rose"]
[Result "1-0"]
[WhiteElo "2570"]
[BlackElo "2296"]
[TimeControl "180+1"]
[EndTime "8:27:09 PST"]
[Termination "chucksterf10 won by resignation"]

1. Nf3 d5 2. b3 f6 3. d4 e6 4. c4 c6 5. Nc3 Bb4 6. Bd2 Ne7 7. a3 Bxc3 8. Bxc3 O-O 9. e3 b6 10.
Bd3 Nd7 11. O-O Re8 12. Rc1 Nf8 13. e4 Bb7 14. Re1 Rc8 15. a4 a6 16. h3 Qd7 17.
Bb4 c5 18. Ba3 dxe4 19. Bxe4 Bxe4 20. Rxe4 Rcd8 21. a5 cxd4 22. Rxd4 Qb7 23. Rxd8 1-0

[Event "Early-Titled-Tuesday-Blitz-March-05-2024"]
[Site "Chess.com"]
[Date "2024.03.05"]
[Round "3"]
[White "sokidze"]
[Black "GM4life"]
[Result "1-0"]
[WhiteElo "2778"]
[BlackElo "2473"]
[TimeControl "180+1"]
[EndTime "8:27:12 PST"]
[Termination "sokidze won by resignation"]

1. d4 Nf6 2. c4 e6 3. Nf3 d5 4. g3 Bb4+ 5. Bd2 Be7 6. Bg2 O-O 7. Qc2 Nbd7 8. O-O c6 9. Rc1 a5 10. a3 Ne4 11. Nc3 Nxd2 12. Nxd2 Nb6 13. e3 h6 14. Ne2 Bf6 15. Rd1 Qe7 16. Qb3 Nxc4 17. Nxc4 dxc4 18. Qxc4 e5 19. d5 Bg4 20. Qxg4 1-0

[Event "Early-Titled-Tuesday-Blitz-March-05-2024"]
[Site "Chess.com"]
[Date "2024.03.05"]
[Round "3"]
[White "SchmakAttack"]
[Black "santosalberto1987"]
[Result "1-0"]
[WhiteElo "2805"]
[BlackElo "2540"]
[TimeControl "180+1"]
[EndTime "8:27:23 PST"]
[Termination "SchmakAttack won by resignation"]

1. Nf3 d5 2. b3 Bf5 3. Bb2 Nd7 4. g3 Ngf6 5. Bg2 e6 6. O-O h6 7. d3 Be7 8. Nbd2 c6 9. Qe1 O-O 10. e4 dxe4 11. dxe4 Bh7 12. Qe2 a5 13. a4 Nc5 14.
e5 Nd5 15. Nc4 Qc7 16. Rfd1 Rfd8 17. Nd6 Nb4 18. Rd2 Bxd6 19. exd6 Rxd6 20. Qe5 1-0

[Event "Early-Titled-Tuesday-Blitz-March-05-2024"]
[Site "Chess.com"]
[Date "2024.03.05"]
[Round "3"]
[White "ReadySkate"]
[Black "margarita_2703"]
[Result "1-0"]
[WhiteElo "2583"]
[BlackElo "2398"]
[TimeControl "180+1"]
[EndTime "8:27:24 PST"]
[Termination "ReadySkate won by resignation"]

1. d4 d5 2. c4 e6 3. Nc3 Nf6 4. cxd5 exd5 5. Bg5 Be7 6. e3 Nbd7 7. Bd3 h6 8. Bh4 O-O 9. Nge2 Re8 10. O-O c6 11. f3 Qb6 12. Qc2 Bd6 13. Bf2 Qa5 14. a3 Nf8 15. b4 Qc7 16. h3 a6 17. Rad1 Be6 18. e4 dxe4 19. fxe4 Be7 20. Bg3 Qd7 21. d5 cxd5 22. exd5 Nxd5 23. Nxd5 Bxd5 24. Nf4 Rac8 25. Qb1 Kh8 26. Bf5 Ba2 27. Bxd7 Bxb1 28. Bxe8 Bc2 29.
Rc1 Rxe8 1-0

[Event "Early-Titled-Tuesday-Blitz-March-05-2024"]
[Site "Chess.com"]
[Date "2024.03.05"]
[Round "3"]
[White "eagleclaw07"]
[Black "noblerone"]
[Result "1-0"]
[WhiteElo "2853"]
[BlackElo "2515"]
[TimeControl "180+1"]
[EndTime "8:27:35 PST"]
[Termination "eagleclaw07 won by resignation"]

1. d4 d5 2. c4 c6 3. Nf3 Nf6 4. cxd5 cxd5 5. Nc3 Nc6 6. Bf4 Bf5 7. e3 e6 8. h3 Bd6 9. Bxd6 Qxd6 10. Nh4 Bg6 11. Nxg6 hxg6 12. Be2 O-O 13. O-O Rac8 14. Qa4 a6 15.
Rfc1 Rc7 16. a3 Rfc8 17. Rc2 Ne7 18. Rac1 Nf5 19. Qa5 Rc6 20. b4 Ne4 21. Nxe4 Rxc2 22.
Rxc2 Rxc2 23. Nxd6 1-0

[Event "Early-Titled-Tuesday-Blitz-March-05-2024"]
[Site "Chess.com"]
[Date "2024.03.05"]
[Round "3"]
[White "elmusmolamas"]
[Black "kleinebeer98"]
[Result "0-1"]
[WhiteElo "2517"]
[BlackElo "2891"]
[TimeControl "180+1"]
[EndTime "8:27:42 PST"]
[Termination "kleinebeer98 won by resignation"]

1. e4 e5 2. Nf3 Nc6 3. Bc4 Nf6 4. O-O Nxe4 5. Nc3 Nf6 6. d4 e4 7. Ne5 d5 8. Bb5 Bd7 9. f3 Bd6 10. Nxd7 Nxd7 11. Nxd5 exf3 12. Bxc6 bxc6 13. Re1+ Kf8 14. Nf4 Qh4 15. Qxf3 Qxe1+ 0-1

[Event "Early-Titled-Tuesday-Blitz-March-05-2024"]
[Site "Chess.com"]
[Date "2024.03.05"]
[Round "3"]
[White "LuisFSiles"]
[Black "Arteler"]
[Result "1-0"]
[WhiteElo "2259"]
[BlackElo "2450"]
[TimeControl "180+1"]
[EndTime "8:27:46 PST"]
[Termination "LuisFSiles won by checkmate"]

1. e4 e6 2. d4 d5 3. e5 c5 4. c3 Qb6 5. Nf3 Nc6 6. Bd3 Bd7 7. dxc5 Bxc5 8. O-O Nge7 9. b4 Nxb4 10. cxb4 Bxb4 11. Be3 Bc5 12. Bxc5 Qxc5 13. Nbd2 O-O 14.
Bxh7+ Kxh7 15. Ng5+ Kg6 16. Qg4 Qc6 17. Nxe6+ Kh7 18.
Qxg7# 1-0

[Event "Early-Titled-Tuesday-Blitz-March-05-2024"]
[Site "Chess.com"]
[Date "2024.03.05"]
[Round "3"]
[White "Angel_Hranitel_37"]
[Black "Szparu"]
[Result "0-1"]
[WhiteElo "2509"]
[BlackElo "2772"]
[TimeControl "180+1"]
[EndTime "8:27:48 PST"]
[Termination "Szparu won by resignation"]

1. d4 Nf6 2. Nf3 c5 3. d5 b5 4. Bg5 Qb6 5. Bxf6 Qxf6 6. c3 Qb6 7. e4 d6 8. Nbd2 g6 9. e5 Bg7 10. a4 b4 11. Bb5+ Kf8 12. Nc4 Qc7 13. e6 a6 14. exf7 axb5 15. axb5 Rxa1 16. Qxa1 h6 17. b6 Qb7 18. Qa7 Kxf7 19. Na5 Qa6 20. c4 Nd7 21. Nc6 Qxb6 22. Qa4 Qa6 23. Qxa6 Bxa6 24. b3 Bc3+ 25. Ke2 Nb6 26. Kd3 Nxd5 27. g3 Nf6 28. h4 Bb7 0-1

[Event "Early-Titled-Tuesday-Blitz-March-05-2024"]
[Site "Chess.com"]
[Date "2024.03.05"]
[Round "3"]
[White "Sofiia_Hryzlova"]
[Black "ChristianArca"]
[Result "0-1"]
[WhiteElo "2484"]
[BlackElo "2705"]
[TimeControl "180+1"]
[EndTime "8:27:53 PST"]
[Termination "ChristianArca won by resignation"]

1. b3 Nf6 2. Bb2 g6 3. f4 Bg7 4. Nf3 O-O 5. e3 b6 6. d4 Bb7 7.
Bd3 e6 8. Nbd2 c5 9. c3 d6 10. O-O a6 11. e4 b5 12. Qe2 Qb6 13. Kh1 Nc6 14. e5 Nd5 15. c4 Nxf4 16. Qe3 Nxd3 17.
Qxd3 cxd4 18. exd6 e5 19. Rac1 f5 20. c5 Qa5 21.
Ng5 e4 22. Qh3 h6 23. Ne6 Qxd2 24. Nxf8 Rxf8 25. Ba1 e3 26. Rfd1 Qf2 27. Qf3 Qxf3 28. gxf3 e2 29. Rd3 Ne5 30. Rxd4 Nxf3 0-1

[Event "Early-Titled-Tuesday-Blitz-March-05-2024"]
[Site "Chess.com"]
[Date "2024.03.05"]
[Round "3"]
[White "Aalessia"]
[Black "nihalsarin"]
[Result "0-1"]
[WhiteElo "2393"]
[BlackElo "3186"]
[TimeControl "180+1"]
[EndTime "8:27:58 PST"]
[Termination "nihalsarin won by resignation"]

1. d4 Nf6 2. c4 e6 3. Nc3 Bb4 4. e3 O-O 5. Bd3 d5 6. Nf3 c5 7. cxd5 exd5 8. a3 Bxc3+ 9. bxc3 c4 10. Bc2 Nc6 11. O-O Ne7 12. Nd2 Bf5 13. Rb1 Qd7 14. a4 b6 15. Ba3 Rfe8 16. a5 Bxc2 17. Qxc2 b5 18. Nf3 a6 19. Ne5 Qf5 20. Qe2 Ng6 21. f4 Ne4 22. Rbc1 f6 23. g4 Qc8 24. Nxg6 hxg6 25. h4 Kf7 26. Kg2 Rh8 27. Rh1 Qe6 28. Qf3 f5 29. g5 Rh5 30. Rh3 Rah8 31. Bb4 Rxh4 32. Rch1 Rg4+ 33. Kf1 Nd2+ 0-1

[Event "Early-Titled-Tuesday-Blitz-March-05-2024"]
[Site "Chess.com"]
[Date "2024.03.05"]
[Round "3"]
[White "ElVital"]
[Black "Capiberibe"]
[Result "1-0"]
[WhiteElo "2349"]
[BlackElo "1993"]
[TimeControl "180+1"]
[EndTime "8:28:01 PST"]
[Termination "ElVital won by resignation"]

1. e4 c5 2. Nf3 d6 3. d4 cxd4 4. Nxd4 Nf6 5. Nc3 Nc6 6. Bg5 Bd7 7. Qd2 Rc8 8. Nb3 Na5 9. Bxf6 gxf6 10. Nd5 Nc4 11. Qd4 Nb6 12. Ne3 Bg7 13. a4 a6 14.
a5 Na8 15. Bc4 Nc7 16. Qd2 Ne6 17. Bd5 Bc6 18. Nf5 O-O 19. O-O Bxd5 20. exd5 Nc5 21. Rfe1 Nxb3 22. cxb3 Kh8 1-0

[Event "Early-Titled-Tuesday-Blitz-March-05-2024"]
[Site "Chess.com"]
[Date "2024.03.05"]
[Round "3"]
[White "xakevicius91"]
[Black "dealshark"]
[Result "1-0"]
[WhiteElo "2559"]
[BlackElo "2329"]
[TimeControl "180+1"]
[EndTime "8:28:05 PST"]
[Termination "xakevicius91 won by resignation"]

1. e4 c6 2. d4 d5 3. e5 Bf5 4. Nd2 e6 5. Nb3 Ne7 6. Nf3 Nd7 7. Be2 c5 8. dxc5 Nc6 9. Nfd4 Bg6 10. Nxc6 bxc6 11. f4 Nxc5 12. Be3 Ne4 13. O-O Be7 14.
g4 h6 15. f5 Bh7 16. Nd2 Bg5 17.
Bxg5 Qxg5 18. Nxe4 dxe4 19. Qd6 Qe3+ 20. Rf2 Qb6 21. fxe6 fxe6 22. Qxe6+ Kd8 23. Rd1+ Kc7 24. Rd7+ Kb8 25. Qd6+ Qc7 1-0

[Event "Early-Titled-Tuesday-Blitz-March-05-2024"]
[Site "Chess.com"]
[Date "2024.03.05"]
[Round "3"]
[White "salzikis"]
[Black "ACollins05"]
[Result "0-1"]
[WhiteElo "2420"]
[BlackElo "2595"]
[TimeControl "180+1"]
[EndTime "8:28:06 PST"]
[Termination "ACollins05 won by resignation"]

1. e4 c5 2. Nf3 d6 3. Bc4 Nf6 4. d3 e6 5. O-O Be7 6. Re1 O-O 7. e5 dxe5 8. Nxe5 Bd7 9. Nxd7 Qxd7 10. a3 Nc6 11. Nc3 a6 12. Bg5 Rac8 13. Ba2 Rfd8 14. Rc1 Qc7 15. Qf3 Nd4 16. Qh3 h6 17. Be3 b5 18. Bb1 Nf5 19. Ne4 Nxe4 20. dxe4 Nxe3 21. Qxe3 Bg5 22. Qe2 Bxc1 23. Rxc1 c4 24. c3 e5 25. g3 Rd6 26. Qh5 Rcd8 27. Bc2 Rd2 28. Kf1 Qc5 29. Qf3 R8d6 30. Ke1 Rf6 31. Qxf6 gxf6 32.
Kxd2 Qxf2+ 33. Kd1 Qxh2 34. a4 Qxg3 35. axb5 axb5 36.
b3 Qxc3 37. bxc4 bxc4 38. Rb1 Qd4+ 39. Kc1 c3 40. Rb8+ Kg7 41. Rc8 h5 42. Kb1 h4 0-1

[Event "Early-Titled-Tuesday-Blitz-March-05-2024"]
[Site "Chess.com"]
[Date "2024.03.05"]
[Round "3"]
[White "Smoking_Crow"]
[Black "Rosh1610"]
[Result "1-0"]
[WhiteElo "2615"]
[BlackElo "2443"]
[TimeControl "180+1"]
[EndTime "8:28:14 PST"]
[Termination "Smoking_Crow won by resignation"]

1. e4 c5 2. Nf3 d6 3. Bb5+ Nd7 4. d4 cxd4 5. Qxd4 Nf6 6. Bg5 a6 7. Bxd7+ Bxd7 8. Nc3 e6 9. O-O-O Be7 10. e5 dxe5 11. Nxe5 Bc6 12. Nxc6 bxc6 13. Qc4 Qc7 14.
Bf4 Qb7 15. Be5 O-O 16. h4 Qb4 17. Qxb4 Bxb4 18. Na4 Ng4 19. Bg3 f6 20. Rd4 c5 21.
Rxg4 Rac8 22. Rc4 e5 23. Rd1 Rfd8 24. Rxd8+ Rxd8 25. c3 Ba5 26. Rxc5 1-0

[Event "Early-Titled-Tuesday-Blitz-March-05-2024"]
[Site "Chess.com"]
[Date "2024.03.05"]
[Round "3"]
[White "Jospem"]
[Black "AsterPhoenix"]
[Result "1-0"]
[WhiteElo "3059"]
[BlackElo "2667"]
[TimeControl "180+1"]
[EndTime "8:28:17 PST"]
[Termination "Jospem won by resignation"]

1. e4 c5 2. Nf3 d6 3. c3 Nf6 4. h3 g6 5. Bd3 Bg7 6. Bc2 O-O 7. d4 cxd4 8. cxd4 e5 9. O-O Nc6 10. d5 Nb4 11. Nc3 Nxc2 12. Qxc2 Bd7 13. a4 Nh5 14. Re1 Rc8 15. Qb3 b6 16. Nb5 Bxb5 17.
axb5 Rc7 18. Bd2 Qd7 19. Rac1 Rfc8 20. Rc6 Nf4 21. Kh2 f5 22. Bxf4 exf4 23. e5 1-0

[Event "Early-Titled-Tuesday-Blitz-March-05-2024"]
[Site "Chess.com"]
[Date "2024.03.05"]
[Round "3"]
[White "inagreV"]
[Black "yuriydovzik"]
[Result "1-0"]
[WhiteElo "2385"]
[BlackElo "2098"]
[TimeControl "180+1"]
[EndTime "8:28:22 PST"]
[Termination "inagreV won on time"]

1. e4 c5 2. Nf3 Na6 3. d4 e6 4.
c4 cxd4 5. Nxd4 Nc5 6. Nc3 d6 7. Be2 Nf6 8. f3 Be7 9. Be3 b6 10. Nc6 Qc7 11. Nxe7 Qxe7 12. Nb5 Nb7 13. O-O O-O 14.
Qd2 Rd8 15. Rfd1 Ne8 16. Bg5 f6 17. Be3 Bd7 18. Nc3 Bc6 19. b4 h6 20. Rac1 Rac8 21. a3 1-0

[Event "Early-Titled-Tuesday-Blitz-March-05-2024"]
[Site "Chess.com"]
[Date "2024.03.05"]
[Round "3"]
[White "balack95"]
[Black "LornerAcosta"]
[Result "0-1"]
[WhiteElo "2458"]
[BlackElo "2629"]
[TimeControl "180+1"]
[EndTime "8:28:23 PST"]
[Termination "LornerAcosta won by resignation"]

1. d4 d5 2. c4 e6 3. Nc3 Nf6 4.
cxd5 exd5 5. Bg5 Nbd7 6. e3 c6 7. Bd3 Be7 8. Nge2 O-O 9. Qc2 Re8 10. f3 Nf8 11. O-O Ng6 12. Rae1 Be6 13. e4 dxe4 14. fxe4 Ng4 15. Bc1 c5 16. d5 Bd7 17. h3 N4e5 18.
Ng3 c4 19. Be2 b5 20. Kh1 Bh4 21. Kh2 Qc7 22. d6 Qxd6 23. Rd1 Bxg3+ 24. Kxg3 Nd3+ 25. Kf3 Nh4+ 26. Ke3 Nxg2+ 27. Kd2 Qh6+ 0-1

[Event "Early-Titled-Tuesday-Blitz-March-05-2024"]
[Site "Chess.com"]
[Date "2024.03.05"]
[Round "3"]
[White "Nikolakis2014"]
[Black "Ykow"]
[Result "0-1"]
[WhiteElo "2742"]
[BlackElo "2520"]
[TimeControl "180+1"]
[EndTime "8:28:26 PST"]
[Termination "Ykow won by resignation"]

1. d4 d5 2. c4 e5 3. dxe5 d4 4. e4 Nc6 5. f4 f6 6. exf6 Nxf6 7. e5 Ne4 8. Nf3 Bb4+ 9. Nbd2 O-O 10. a3 Bxd2+ 11. Bxd2 Bg4 12. Bd3 Nxd2 13. Qxd2 Bxf3 14. gxf3 Qh4+ 15. Kd1 Rxf4 16. Re1 Re8 17. e6 Rxf3 18. Be4 Rf2 19. Qd3 Ne5 20. Qxd4 Rd8 21.
Bd5 Qxd4+ 0-1

[Event "Early-Titled-Tuesday-Blitz-March-05-2024"]
[Site "Chess.com"]
[Date "2024.03.05"]
[Round "3"]
[White "Willi_Skibbe"]
[Black "dzhumagaliev"]
[Result "0-1"]
[WhiteElo "2312"]
[BlackElo "2725"]
[TimeControl "180+1"]
[EndTime "8:28:27 PST"]
[Termination "dzhumagaliev won by resignation"]

1. d4 h5 2. e4 h4 3. h3 c6 4. Nf3 d5 5. Nc3 dxe4 6. Nxe4 Bf5 7. Bd3 Nf6 8. Nxf6+ gxf6 9. Bxf5 Qa5+ 10. Bd2 Qxf5 11. O-O Rg8 12. Kh1 Nd7 13. Nxh4 Qd5 14. Be3 e6 15.
Nf3 Bd6 16. Qd3 O-O-O 17. c4 Qh5 18. Qe4 Rxg2 19. Kxg2 Rg8+ 20. Ng5 fxg5 21. Qg4 Qh7 22. d5 Ne5 23. Qe2 g4 24. h4 Qe4+ 0-1

[Event "Early-Titled-Tuesday-Blitz-March-05-2024"]
[Site "Chess.com"]
[Date "2024.03.05"]
[Round "3"]
[White "arnash_bauyrzhan"]
[Black "JonasEilenberg"]
[Result "0-1"]
[WhiteElo "2321"]
[BlackElo "2551"]
[TimeControl "180+1"]
[EndTime "8:28:28 PST"]
[Termination "JonasEilenberg won by resignation"]

1. e4 c5 2. Nf3 Nc6 3. Bb5 g6 4. O-O Bg7 5. Re1 e5 6. c3 Nge7 7. Bf1 O-O 8. d3 d6 9. h3 h6 10.
Be3 Kh7 11. d4 cxd4 12. cxd4 f5 13. dxe5 fxe4 14. exd6 Nf5 15. Nfd2 Bxb2 16. Nxe4 Bxa1 17. Na3 Bg7 18. Nb5 Bd7 19. g4 Nxe3 20. Rxe3 Rc8 21. Qd5 Ne5 22. Nc7 Bc6 23. Qe6 Bxe4 24. Rxe4 Nf3+ 0-1

[Event "Early-Titled-Tuesday-Blitz-March-05-2024"]
[Site "Chess.com"]
[Date "2024.03.05"]
[Round "3"]
[White "thebeast2900"]
[Black "GP9isback23"]
[Result "1-0"]
[WhiteElo "2319"]
[BlackElo "2588"]
[TimeControl "180+1"]
[EndTime "8:28:42 PST"]
[Termination "thebeast2900 won by resignation"]

1. e4 c5 2. Nf3 e6 3. d4 cxd4 4. Nxd4 Nf6 5. Nc3 Nc6 6. Ndb5 Bb4 7. a3 Bxc3+ 8. Nxc3 d5 9. Bd3 d4 10. Ne2 e5 11. h3 O-O 12. O-O Nd7 13. b4 Nb6 14. f4 f6 15. f5 Bd7 16. c3 dxc3 17. Nxc3 Be8 18. Be3 Bf7 19. Bc5 Re8 20. Bb5 Bc4 21.
Bxc4+ Nxc4 22. Qb3 Kh8 23. Qxc4 Rc8 24. Rad1 Qc7 25.
Nb5 1-0

[Event "Early-Titled-Tuesday-Blitz-March-05-2024"]
[Site "Chess.com"]
[Date "2024.03.05"]
[Round "3"]
[White "andrzej"]
[Black "A-Fier"]
[Result "1-0"]
[WhiteElo "2539"]
[BlackElo "2910"]
[TimeControl "180+1"]
[EndTime "8:28:59 PST"]
[Termination "andrzej won by resignation"]

1. e4 Nf6 2. e5 Nd5 3. d4 d6 4.
c4 Nb6 5. f4 dxe5 6. fxe5 c5 7.
d5 e6 8. Nc3 exd5 9. cxd5 c4 10. d6 Nc6 11. Bf4 g5 12. Bg3 Be6 13. Nf3 Bg7 14.
h3 f6 15. Nd4 Nxd4 16. Qxd4 O-O 17. O-O-O Nd7 18. Bxc4 Re8 19. Bxe6+ Rxe6 20. Qd5 Qe8 21.
Rhe1 f5 22. Bh2 Qf7 23. Qxb7 Rae8 24. Nd5 f4 25. Ne7+ R6xe7 26. dxe7 Nxe5 27. Rd8 Bf6 28. Rxe8+ Qxe8 29. Rxe5 Bxe5 30. Qd5+ Kg7 31. Qxe5+ Kf7 32.
Qf5+ Kg7 33. Qxg5+ 1-0

[Event "Early-Titled-Tuesday-Blitz-March-05-2024"]
[Site "Chess.com"]
[Date "2024.03.05"]
[Round "3"]
[White "MathiasWomacka"]
[Black "marcodobrikov"]
[Result "0-1"]
[WhiteElo "2509"]
[BlackElo "2770"]
[TimeControl "180+1"]
[EndTime "8:29:00 PST"]
[Termination "marcodobrikov won by resignation"]

1. e4 c5 2. Nf3 d6 3. d4 cxd4 4. Nxd4 Nf6 5. Nc3 Nc6 6. Be2 e6 7. O-O Bd7 8. Be3 Be7 9. f4 a6 10. Kh1 O-O 11. Qe1 Rc8 12. Qg3 Qa5 13. Rad1 Qb4 14.
e5 Qxb2 15. exf6 Bxf6 16. Ne4 Bxd4 17. Bxd4 Nxd4 18. Nf6+ Kh8 19. Nxd7 Nxe2 20. Qe3 Rfd8 21. Nb6 Rxc2 22. Rb1 Qd4 23. Qb3 Rc5 24. Na4 Rb5 25.
Qc2 Qg1+ 26. Rxg1 Ng3+ 0-1

[Event "Early-Titled-Tuesday-Blitz-March-05-2024"]
[Site "Chess.com"]
[Date "2024.03.05"]
[Round "3"]
[White "DonJuanEGenaro"]
[Black "IngOscarArdila"]
[Result "0-1"]
[WhiteElo "1968"]
[BlackElo "2331"]
[TimeControl "180+1"]
[EndTime "8:29:06 PST"]
[Termination "IngOscarArdila won by resignation"]

1. d4 Nf6 2. Nf3 e6 3. g3 Be7 4.
Bg2 O-O 5. O-O d6 6. c4 Nbd7 7. Nc3 c6 8. e4 e5 9. Be3 Qc7 10.
Qd2 Re8 11. Rfd1 Nf8 12. b4 a5 13. a3 Bg4 14. c5 dxc5 15. dxe5 Bxf3 16. exf6 Bxd1 17. fxe7 Rxe7 18. Rxd1 cxb4 19. Na4 bxa3 20. Bb6 Qe5 21. Bd4 Qb5 22. Qg5 Qxg5 0-1

[Event "Early-Titled-Tuesday-Blitz-March-05-2024"]
[Site "Chess.com"]
[Date "2024.03.05"]
[Round "3"]
[White "DrCeltic"]
[Black "Akylbek2021"]
[Result "0-1"]
[WhiteElo "2481"]
[BlackElo "2290"]
[TimeControl "180+1"]
[EndTime "8:29:10 PST"]
[Termination "Akylbek2021 won by resignation"]

1. e4 Nc6 2. Nf3 e5 3. Bb5 a6 4. Ba4 Nf6 5. O-O Be7 6. Re1 b5 7. Bb3 O-O 8. a4 Rb8 9. d3 d6 10. Bg5 h6 11. Bxf6 Bxf6 12. Nc3 g6 13. h3 Bg7 14.
Nd5 Be6 15. c3 Kh7 16. axb5 axb5 17. Ra6 Ne7 18. Ne3 Qd7 19. d4 Bxb3 20. Qxb3 b4 21. dxe5 bxc3 22. Qxc3 dxe5 23. Rd1 Qb5 24. Ra7 Nc6 25.
Rxc7 Nd4 26. Nd5 Qxb2 27. Qe3 Rb3 28. Rc3 Rxc3 29. Nxc3 Qxc3 30. Nxd4 exd4 0-1